 Dungeon Crawl Stone Soup version 0.32-a0-999-gfa1cc04b1d (webtiles) character file.

Game seed: 14285670898093984477

24 Cancer the Sneak (level 3, 0/26 HPs)
             Began as an Octopode Delver on Apr 24, 2024.
             Slain by an ogre
             ... wielding a +0 giant spiked club
              (26 damage)
             ... in the Ecumenical Temple.
             The game lasted 00:01:47 (313 turns).

Cancer the Sneak (Octopode Delver)                   Turns: 313, Time: 00:01:48

Health: 0/26       AC:  1    Str: 13    XL:     3   Next: 2%
Magic:  3/3        EV: 12    Int: 12    God:
Gold:   0          SH:  0    Dex: 13    Spells: 2/2 levels left

rFire   . .          .
                       - Unarmed
rCold   . . .        (no shield)
rNeg    . . .        (helmet restricted)
rPois   .            (no amulet)
rElec   .            (no ring)
rCorr   .            (no ring)
SInv    .            (no ring)
Will    .....        (no ring)
Stlth   +++++        (no ring)
HPRegen 0.24/turn    (no ring)
MPRegen 0.08/turn    (no ring)
                     (no ring)

%: no passive effects
@: no status effects
A: almost no armour, amphibious, 8 rings, camouflage 1, gelatinous body 1,
nimble swimmer 1, tentacles
a: no special abilities


You were in the Ecumenical Temple.
You visited 2 branches of the dungeon, and saw 2 of its levels.

Inventory:

Wands
 e - a wand of digging (3)
Scrolls
 a - a scroll of fog
 b - a scroll of revelation
 c - a scroll of fear
Potions
 d - a potion of haste


   Skills:
 - Level 3.0 Fighting
 - Level 2.0 Dodging
 - Level 6.6 Stealth
 + Level 3.4 Unarmed Combat


You had 2 spell levels left.
You didn't know any spells.
Your spell library was empty.

Dungeon Overview and Level Annotations

Branches:
Dungeon (5/15)             Temple (1/1) D:5

Altars:
Cheibriados
Dithmenos
Gozag
Kikubaaqudgha
Okawaru
Qazlal
Sif Muna
Wu Jian
The Shining One


Innate Abilities, Weirdness & Mutations

You cannot wear most types of armour.
You are amphibious.
You can wear up to eight rings at the same time.
Your skin changes colour to match your surroundings (Stealth+).
Your rubbery body absorbs attacks. (AC +1, EV +1)
You are camouflaged when in or above water. (Stealth+)
You have tentacles for arms and can constrict up to eight enemies at once.


Message History

The quokka is lightly wounded.
The quokka bites you.
You barely miss the quokka. You grab the quokka. You squeeze the quokka.
The quokka is moderately wounded.
You constrict the quokka. The quokka barely misses you.
You tentacle-slap the quokka.
You kill the quokka!
Found 6 poisoned darts.
Found 7 gold pieces.
A dart slug comes into view.
Found an ichor-stained robe.
You tentacle-slap the dart slug. You grab the dart slug.
You squeeze the dart slug!
You kill the dart slug!
You have reached level 3!
Your experience leads to an increase in your attributes!
Increase (S)trength, (I)ntelligence, or (D)exterity?
You feel stronger. x2
A hound comes into view.
You see here a dart slug corpse.
Found a staircase to the Ecumenical Temple.
Found a stone staircase leading down.
Found a robe.
A sleepcap comes into view.
You see here the +1 robe "Kewk" {Harm Str+2 Stlth+}.
An ogre comes into view. It is wielding a +0 giant spiked club.
Found 14 gold pieces.
The ogre shouts!
There is a staircase to the Ecumenical Temple here.
You climb downwards.
Welcome to the Ecumenical Temple!
Found a staircase back to the Dungeon.
There is a staircase back to the Dungeon here.
You climb upwards.
The ogre closely misses you.
There is a staircase to the Ecumenical Temple here.
You climb downwards.
Welcome back to the Ecumenical Temple!
There is a staircase back to the Dungeon here.
You enter the shallow water.
The ogre hits you with a +0 giant spiked club!!
Ouch! That really hurt!
You die...

≈≈≈≈≈≈~~......♣###....._...###...
≈≈≈≈≈≈≈~~........###.....###.....
≈≈≈≈≈≈≈≈≈~.........#######.......
≈≈≈≈≈≈≈≈≈≈≈~.....................
≈≈≈≈≈≈≈≈≈≈~~.....................
≈≈≈≈≈≈≈≈≈≈≈~~~................♣.≈
≈≈≈≈≈≈≈≈≈≈≈≈≈~..~..~....~~~.~..~~
≈≈≈≈≈≈≈≈≈≈≈≈≈~~≈≈O~≈~~≈≈≈~~≈≈≈~~≈
≈≈≈≈≈≈≈≈≈≈≈≈≈≈≈≈@≈≈≈≈≈≈≈≈≈≈≈≈≈≈≈≈
≈≈≈≈≈≈≈≈≈≈≈≈≈≈≈≈≈≈≈≈≈≈≈≈≈≈≈≈≈≈≈≈≈
≈≈≈≈≈≈≈≈≈≈≈≈≈≈≈≈≈≈≈≈≈≈≈≈≈≈≈≈≈≈≈≈≈
≈≈≈≈≈≈≈≈≈≈≈≈≈≈≈≈≈≈≈≈≈≈≈≈≈≈≈≈≈≈≈≈≈
≈≈≈≈≈≈≈≈≈≈≈≈≈≈≈≈≈≈≈≈≈≈≈≈≈≈≈≈≈≈≈≈≈
≈≈≈≈≈≈≈≈≈≈≈≈≈≈≈≈≈≈≈≈≈≈≈≈≈≈≈≈≈≈≈≈≈
≈≈≈≈≈≈≈≈≈≈≈≈≈≈≈≈≈≈≈≈≈≈≈≈≈≈≈≈≈≈≈≈≈
≈≈≈≈≈≈≈≈≈≈≈≈≈≈≈≈≈≈≈≈≈≈≈≈≈≈≈≈≈≈≈≈≈
#################################


You could see an ogre.

Vanquished Creatures
  An adder (D:5)
  2 ufetubi (D:5)
  A dart slug (D:5)
  A quokka (D:5)
5 creatures vanquished.

Notes
Turn   | Place    | Note
-------+----------+-------------------------------------------
     0 | D:5      | Cancer the Octopode Delver began the quest for the Orb.
     0 | D:5      | Reached XP level 1. HP: 16/16 MP: 1/1
    18 | D:5      | Reached XP level 2. HP: 10/21 MP: 2/2
   261 | D:5      | Reached XP level 3. HP: 26/26 MP: 3/3
   262 | D:5      | Found a staircase to the Ecumenical Temple.
   268 | D:5      | Identified the +1 robe "Kewk" {Harm Str+2 Stlth+}
   271 | D:5      | Noticed an ogre
   274 | Temple   | Entered the Ecumenical Temple
   313 | Temple   | Slain by an ogre

Illustrated notes

Levels and vault maps discovered:
D:5:      layout_cave_pools, temple_statues, grunt_ministairs_9
Temple:   jpeg_temple_island

Skill      XL: |  1  2 |
---------------+-------+-----
Unarmed Combat | 3 |  3.4
Fighting       | |  3.0
Dodging        | |  2.0
Stealth        | |  6.6

Action                     || total
---------------------------++-------
  Melee: Unarmed           ||    17
         Constrict         ||     5
         Tentacles         ||     2
         Punch             ||     1
 Armour: Skin              ||     7
  Dodge: Dodged            ||    20

Table legend: (Time is in decaauts)
 A = Elapsed time spent in this place.
 B = Non-inter-level travel time spent in this place.
 C = Inter-level travel time spent in this place.
 D = Time resting spent in this place.
 E = Time spent auto-exploring this place.
 F = Levels seen in this place.
 G = Mean time per level.
                   A        B        C        D        E       F      G
               +--------+--------+--------+--------+--------+-----+--------+
         Total |    312 |    312 |      0 |     93 |      0 |   2 |  156.0 |
       Dungeon |    275 |    275 |      0 |     93 |      0 |   1 |  275.0 |
        Temple |     37 |     37 |      0 |      0 |      0 |   1 |   37.0 |
               +--------+--------+--------+--------+--------+-----+--------+

Top non-repeatable levels by time:
     D:5: 275 daAuts
  Temple: 37 daAuts
